% Time on Ice - SASKATOON DUCKS
Lines # - Real PCT - Wanted PCT - Time Play
Normal Forward
1 - 36% - 43% - 20:41
2 - 32% - 38% - 18:42
3 - 21% - 15% - 12:01
4 - 11% - 4% - 6:16
Normal Defense
1 - 37% - 40% - 21:04
2 - 31% - 30% - 17:48
3 - 27% - 20% - 15:49
4 - 5% - 10% - 2:59
PP Forward
1 - 60% - 60% - 1:11
2 - 40% - 40% - 0:48
PP Defense
1 - 60% - 60% - 1:11
2 - 40% - 40% - 0:48
PK Forward
1 - 0% - 55%
2 - 0% - 45%
PK Defense
1 - 0% - 55%
2 - 0% - 45%
PK3 Forward
1 - 0% - 55%
2 - 0% - 45%
PK3 Defense
1 - 0% - 55%
2 - 0% - 45%
44 Forward
1 - 0% - 55%
2 - 0% - 45%
44 Defense
1 - 0% - 55%
2 - 0% - 45%
Last Minute Offensive  - 0:00
Last Minute Defensive  - 0:21
Total
Forward - 60:00
Defense - 60:00
% Time on Ice - OAKLAND GORILLAS
Lines # - Real PCT - Wanted PCT - Time Play
Normal Forward
1 - 35% - 35% - 19:55
2 - 34% - 35% - 19:28
3 - 24% - 26% - 14:02
4 - 7% - 4% - 4:15
Normal Defense
1 - 36% - 38% - 20:48
2 - 34% - 36% - 19:24
3 - 29% - 26% - 16:37
4 - 1% - 0% - 0:51
PP Forward
1 - 0% - 55%
2 - 0% - 45%
PP Defense
1 - 0% - 55%
2 - 0% - 45%
PK Forward
1 - 67% - 55% - 1:20
2 - 33% - 45% - 0:39
PK Defense
1 - 64% - 55% - 1:16
2 - 36% - 45% - 0:43
PK3 Forward
1 - 0% - 55%
2 - 0% - 45%
PK3 Defense
1 - 0% - 55%
2 - 0% - 45%
44 Forward
1 - 0% - 55%
2 - 0% - 45%
44 Defense
1 - 0% - 55%
2 - 0% - 45%
Last Minute Offensive  - 0:21
Last Minute Defensive  - 0:00
Total
Forward - 60:00
Defense - 60:00
Play-by-Play 1st period 0:01 of 1st period - Aleksander Barkov wins face-off versus Sidney Crosby in neutral zone. 0:04 of 1st period - Ivan Barbashev is hit by Jordan Kyrou and loses puck. 0:19 of 1st period - Shot by Kasperi Kapanen. 0:19 of 1st period - Stopped by Alexandar Georgiev with a rebound. 0:21 of 1st period - Shot by Kasperi Kapanen. 0:21 of 1st period - Stopped by Alexandar Georgiev without a rebound. 0:22 of 1st period - Ryan Strome wins face-off versus Logan Couture in OAKLAND GORILLAS zone. 0:48 of 1st period - Icing by Justin Faulk. 0:49 of 1st period - Ryan Strome wins face-off versus Tomas Tatar in SASKATOON DUCKS zone. 1:06 of 1st period - Tomas Tatar is hit by Artemi Panarin and loses puck. 1:15 of 1st period - Colton Sissons is hit by Artemi Panarin and loses puck. 1:37 of 1st period - Sidney Crosby is hit by Martin Fehervary and loses puck. 1:41 of 1st period - Icing by Martin Fehervary. 1:42 of 1st period - Colton Sissons wins face-off versus Paul Stastny in OAKLAND GORILLAS zone. 2:14 of 1st period - Shot by Phil Kessel. 2:14 of 1st period - Shot Misses the Net. 3:24 of 1st period - Shot by Logan Couture. 3:24 of 1st period - Stopped by Tristan Jarry without a rebound. 3:25 of 1st period - Jack McBain wins face-off versus Ryan Strome in SASKATOON DUCKS zone. 3:49 of 1st period - Shot by Andrew Cogliano. 3:49 of 1st period - Shot Misses the Net. 3:51 of 1st period - Shot by Jack McBain. 3:51 of 1st period - Stopped by Tristan Jarry with a rebound. 3:53 of 1st period - Shot by Jack McBain. 3:53 of 1st period - Stopped by Tristan Jarry without a rebound. 3:54 of 1st period - Aleksander Barkov wins face-off versus Nils Aman in SASKATOON DUCKS zone. 3:54 of 1st period - Hampus Lindholm is hit by Jake Sanderson and loses puck. 4:09 of 1st period - Shot by Milan Lucic. 4:09 of 1st period - Shot Blocked by Hampus Lindholm. 5:12 of 1st period - Shot by Ivan Barbashev. 5:12 of 1st period - Stopped by Alexandar Georgiev without a rebound. 5:13 of 1st period - Logan Couture wins face-off versus Ryan Strome in OAKLAND GORILLAS zone. 5:36 of 1st period - Shot by Logan Couture. 5:36 of 1st period - Stopped by Tristan Jarry without a rebound. 5:37 of 1st period - Sidney Crosby wins face-off versus Colton Sissons in SASKATOON DUCKS zone. 5:58 of 1st period - Shot by Sidney Crosby. 5:58 of 1st period - Stopped by Alexandar Georgiev without a rebound. 5:59 of 1st period - Logan Couture wins face-off versus Ryan Strome in OAKLAND GORILLAS zone. 6:28 of 1st period - Shot by Shayne Gostisbehere. 6:28 of 1st period - Stopped by Tristan Jarry without a rebound. 6:29 of 1st period - Colton Sissons wins face-off versus Sidney Crosby in SASKATOON DUCKS zone. 6:56 of 1st period - Samuel Girard is hit by Colton Sissons. 7:37 of 1st period - Brock Nelson is hit by Artemi Panarin and loses puck. 7:50 of 1st period - Shot by Artemi Panarin. 7:50 of 1st period - Shot Misses the Net. 7:52 of 1st period - Shot by Brent Burns. 7:52 of 1st period - Stopped by Alexandar Georgiev without a rebound. 7:53 of 1st period - Aleksander Barkov wins face-off versus Paul Stastny in OAKLAND GORILLAS zone. 8:07 of 1st period - Shot by Mathieu Joseph. 8:07 of 1st period - Stopped by Alexandar Georgiev without a rebound. 8:08 of 1st period - Jack McBain wins face-off versus Ryan Strome in OAKLAND GORILLAS zone. 8:08 of 1st period - Jack McBain is hit by Ryan Strome. 8:53 of 1st period - Off-side. 8:54 of 1st period - Logan Couture wins face-off versus Sidney Crosby in neutral zone. 9:32 of 1st period - Shot by Brock Nelson. 9:32 of 1st period - Deflect By Logan Couture. 9:32 of 1st period - Shot Misses the Net. 9:34 of 1st period - Shot by Logan Couture. 9:34 of 1st period - Stopped by Tristan Jarry without a rebound. 9:35 of 1st period - Aleksander Barkov wins face-off versus Paul Stastny in SASKATOON DUCKS zone. 11:24 of 1st period - Shot by Kasperi Kapanen. 11:24 of 1st period - Stopped by Alexandar Georgiev without a rebound. 11:25 of 1st period - Logan Couture wins face-off versus Nils Aman in OAKLAND GORILLAS zone. 11:30 of 1st period - Justin Faulk is hit by Brock Boeser and loses puck. 11:47 of 1st period - Kevin Shattenkirk is hit by Brock Boeser and loses puck. 12:41 of 1st period - Off-side. 12:42 of 1st period - Ryan Strome wins face-off versus Jack McBain in neutral zone. 12:47 of 1st period - Shot by Artemi Panarin. 12:47 of 1st period - Shot Misses the Net. 12:49 of 1st period - Shot by Brent Burns. 12:49 of 1st period - Shot Misses the Net. 13:13 of 1st period - Minor Penalty to Shayne Gostisbehere for Goalie Interference. 13:14 of 1st period - Aleksander Barkov wins face-off versus Ivan Barbashev in OAKLAND GORILLAS zone. 13:22 of 1st period - Off-side. 13:23 of 1st period - Aleksander Barkov wins face-off versus Artemi Panarin in neutral zone. 13:29 of 1st period - Icing by Sidney Crosby. 13:30 of 1st period - Sidney Crosby wins face-off versus Aleksander Barkov in SASKATOON DUCKS zone. 13:58 of 1st period - Artemi Panarin is hit by Jared Spurgeon and loses puck. 14:13 of 1st period - Shot by Sidney Crosby. 14:13 of 1st period - Stopped by Alexandar Georgiev without a rebound. 14:14 of 1st period - Logan Couture wins face-off versus Ivan Barbashev in OAKLAND GORILLAS zone. 14:14 of 1st period - Logan Couture is hit by Kasperi Kapanen. 14:50 of 1st period - Shot by Samuel Girard. 14:50 of 1st period - Shot Misses the Net. 14:52 of 1st period - Shot by Justin Faulk. 14:52 of 1st period - Stopped by Alexandar Georgiev without a rebound. 14:53 of 1st period - Aleksander Barkov wins face-off versus Sidney Crosby in OAKLAND GORILLAS zone. 15:01 of 1st period - Icing by Artemi Panarin. 15:02 of 1st period - Sidney Crosby wins face-off versus Logan Couture in SASKATOON DUCKS zone. 15:09 of 1st period - Shot by Brent Burns. 15:09 of 1st period - Stopped by Alexandar Georgiev without a rebound. 15:10 of 1st period - Sidney Crosby wins face-off versus Aleksander Barkov in OAKLAND GORILLAS zone. 15:13 of 1st period - Shot by Artemi Panarin. 15:13 of 1st period - Shot Misses the Net. 15:23 of 1st period - Shot by Mathieu Joseph. 15:23 of 1st period - Stopped by Alexandar Georgiev without a rebound. 15:24 of 1st period - Sidney Crosby wins face-off versus Colton Sissons in OAKLAND GORILLAS zone. 16:06 of 1st period - Icing by Colton Sissons. 16:07 of 1st period - David Kampf wins face-off versus Ryan Strome in OAKLAND GORILLAS zone. 16:07 of 1st period - Colton Sissons is hit by Kailer Yamamoto and loses puck. 16:14 of 1st period - Kailer Yamamoto is hit by Colton Sissons and loses puck. 16:47 of 1st period - Jared Spurgeon is hit by Artemi Panarin and loses puck. 16:58 of 1st period - Shot by Logan Couture. 16:58 of 1st period - Shot Misses the Net. 17:00 of 1st period - Shot by Brock Nelson. 17:00 of 1st period - Stopped by Tristan Jarry without a rebound. 17:01 of 1st period - Paul Stastny wins face-off versus Aleksander Barkov in SASKATOON DUCKS zone. 17:01 of 1st period - Paul Stastny is hit by Patrik Laine. 17:25 of 1st period - Shot by Jordan Kyrou. 17:25 of 1st period - Shot Misses the Net. 17:27 of 1st period - Shot by Aleksander Barkov. 17:27 of 1st period - Shot Misses the Net. 18:15 of 1st period - Shot by Ivan Barbashev. 18:15 of 1st period - Stopped by Alexandar Georgiev with a rebound. 18:19 of 1st period - Shot by Ivan Barbashev. 18:19 of 1st period - Shot Misses the Net. 18:25 of 1st period - Shot by Sidney Crosby. 18:25 of 1st period - Goal by Sidney Crosby - SASKATOON DUCKS : 1 - OAKLAND GORILLAS : 0. 18:26 of 1st period - Colton Sissons wins face-off versus Ryan Strome in neutral zone. 18:41 of 1st period - Shot by Artemi Panarin. 18:41 of 1st period - Shot Misses the Net. 18:50 of 1st period - Shot by Kailer Yamamoto. 18:50 of 1st period - Deflect By Artemi Panarin. 18:50 of 1st period - Stopped by Alexandar Georgiev without a rebound. 18:51 of 1st period - Logan Couture wins face-off versus Sidney Crosby in OAKLAND GORILLAS zone. Goals for this period are 1 for SASKATOON DUCKS vs 0 for OAKLAND GORILLAS. Shots for this period are 14 for SASKATOON DUCKS vs 7 for OAKLAND GORILLAS. 2nd period 0:01 of 2nd period - Aleksander Barkov wins face-off versus Ivan Barbashev in neutral zone. 0:01 of 2nd period - Aleksander Barkov is hit by Ivan Barbashev. 0:25 of 2nd period - Shot by Sidney Crosby. 0:25 of 2nd period - Shot Blocked by Shayne Gostisbehere. 0:34 of 2nd period - Aleksander Barkov is hit by Kasperi Kapanen and loses puck. 1:02 of 2nd period - Off-side. 1:03 of 2nd period - Colton Sissons wins face-off versus Ryan Strome in neutral zone. 1:12 of 2nd period - David Kampf is hit by Ryan Strome and loses puck. 2:18 of 2nd period - Jaycob Megna is hit by Brock Boeser and loses puck. 2:28 of 2nd period - Icing by